Map: Site Delta LE

Players

MaxPayne

  • Race: Protoss Protoss
  • League: Diamond
  • Spawn Location: 5:00

SubN - Winner!

  • Race: Zerg Zerg
  • League: Diamond
  • Spawn Location: 11:00

VOD

Have the link to the VOD?

Description

Time

  • Played on: Jan. 22, 2024, 11:56 a.m.
  • Length: 6:55
Show
View Real Time Build Order
Export as new Build Order

MaxPayne Protoss 

Build Orders: Proxy Void Ray 

Get SALT Encoding   

  12  0:02  Probe  
  13  0:14  Pylon  
  13  0:18  Probe  
  14  0:33  Gateway  
  14  0:41  Probe, Assimilator  
  15  0:51  Pylon  
  15  0:55  Probe  
  16  1:07  Probe  
  17  1:20  Assimilator  
  17  1:22  Zealot (Chrono Boost)  
  19  1:25  Cybernetics Core  
  19  1:31  Pylon  
  19  1:35  Probe  
  20  1:47  Probe  
  21  1:58  Pylon  
  21  1:59  Probe  
  22  2:09  Adept  
  22  2:12  Probe  
  25  2:24  Stargate  
  25  2:31  Probe  
  25  2:36  Shield Battery  
  26  2:53  Stargate  
  24  3:00  Stargate  
  24  3:02  Pylon  
  24  3:18  Void Ray (Chrono Boost)  
  28  3:34  Pylon  
  28  3:46  Zealot  
  34  3:51  Void Ray (Chrono Boost)  
  34  3:57  Shield Battery  
  34  4:08  Shield Battery  
  37  4:24  Void Ray (Chrono Boost)  
  37  4:58  Pylon  
  37  5:07  Pylon  
  41  5:22  Void Ray  
  37  5:34  Shield Battery  
  41  5:36  Shield Battery  
  41  5:38  Shield Battery  
  41  5:40  Void Ray (Chrono Boost)  
  41  5:48  Probe  
  38  6:00  Probe  
Show
View Real Time Build Order
Export as new Build Order

SubN Zerg - Winner!

Build Orders: Pool First 

Get SALT Encoding   

  12  0:00  Drone  
  13  0:12  Overlord  
  13  0:17  Drone  
  14  0:30  Drone x2  
  14  0:35  Drone  
  17  0:47  Spawning Pool  
  16  1:06  Hatchery  
  15  1:22  Drone, Overlord  
  16  1:27  Drone  
  17  1:33  Queen  
  17  1:37  Zergling x2  
  20  1:46  Extractor  
  19  1:48  Zergling x2  
  20  1:57  Zergling x2  
  22  2:08  Drone  
  22  2:17  Zergling x2  
  22  2:19  Queen  
  25  2:26  Queen  
  27  2:33  Drone  
  27  2:36  Drone  
  27  2:37  Drone  
  30  2:43  Zergling x4  
  31  2:56  Hatchery  
  30  3:00  Drone x4  
  34  3:09  Drone  
  35  3:13  Overlord  
  35  3:16  Overlord  
  35  3:20  Overlord  
  35  3:33  Queen  
  37  3:36  Drone x3  
  41  3:41  Drone  
  41  3:44  Drone x2  
  43  3:51  Drone x3  
  46  4:06  Queen  
  47  4:39  Zergling x8  
  47  4:40  Zergling x14  
  47  4:41  Metabolic Boost  
  57  4:54  Overlord x4  
  57  4:55  Overlord  
  57  5:12  Queen x3  
  61  5:47  Queen  
  60  5:52  Spore Crawler  
Tags
 
Add a new tag
Caveats
  • Supply blocks, unpowered buildings, or Contaminate may cause inaccurate times.
  • Supply counts are checked every 10 seconds.